 Dungeon Crawl Stone Soup version 0.31-a0-971-g75a2e9a4b4 (webtiles) character file.

Game seed: 1076472375776382240

9055 timneilson the Blocker (level 11, -3/67 HPs)
             Began as a Gargoyle Fighter on Oct 28, 2023.
             Was an Elder of Makhleb.
             Slain by a vampire mosquito (8 damage)
             ... on level 10 of the Dungeon.
             The game lasted 00:29:51 (10907 turns).

timneilson the Blocker (Gargoyle Fighter)          Turns: 10907, Time: 00:29:51

Health: -3/67      AC: 23    Str: 20    XL:     11   Next: 40%
Magic:  14/14      EV: 15    Int:  4    God:    Makhleb [****..]
Gold:   464        SH: 11    Dex: 13    Spells: 10/10 levels left

rFire   + . .        t - +0 scimitar
rCold   + . .        c - +0 buckler
rNeg    + . .        u - +0 chain mail "Dauhaa" {rF+ rC+ Int-5 Slay+2}
rPois   ∞            d - +0 helmet
rElec   +            i - +1 cloak
rCorr   .            (no gloves)
SInv    .            (no boots)
Will    .....        v - amulet of reflection Stlth
                     o - +5 ring of evasion
HPRegen 0.31/turn    p - +4 ring of slaying
MPRegen 0.14/turn

%: reflection
@: no status effects
A: sickness immunity, AC +8, negative energy resistance 1, electricity
resistance, torment resistance 1, petrification resistance
a: Renounce Religion, Minor Destruction, Lesser Servant of Makhleb, Major
Destruction


You were on level 10 of the Dungeon.
You worshipped Makhleb.
Makhleb was greatly pleased with you.
You visited 2 branches of the dungeon, and saw 12 of its levels.

You collected 791 gold pieces.
You spent 327 gold pieces at shops.

Inventory:

Hand Weapons
 a - a +0 long sword
 t - a +0 scimitar (weapon)
Missiles
 r - a throwing net
Armour
 c - a +0 buckler (worn)
 d - a +0 helmet (worn)
 i - a +1 cloak (worn)
 u - the +0 chain mail "Dauhaa" (worn) {rF+ rC+ Int-5 Slay+2}
   (You bought it in a shop on level 1 of the Dungeon)

   Int-5:     It affects your intelligence (-5).
   Slay+2:    It affects your accuracy & damage with ranged weapons and melee
   (+2).
   rF+:       It protects you from fire.
   rC+:       It protects you from cold.
Jewellery
 m - a +5 ring of evasion
 o - a +5 ring of evasion (left hand)
 p - a +4 ring of slaying (right hand)
 q - a ring of see invisible
 v - an amulet of reflection (around neck)
Wands
 f - a wand of polymorph (6)
 s - a wand of mindburst (23)
 A - a wand of digging (8)
Scrolls
 e - 4 scrolls of fear
 g - a scroll of teleportation
 x - 2 scrolls of immolation
 y - 2 scrolls of enchant armour
 z - a scroll of amnesia
 C - a scroll of identify
 E - 2 scrolls of vulnerability
Potions
 b - a potion of might
 h - a potion of brilliance
 j - 3 potions of mutation
 k - 3 potions of attraction
 l - 2 potions of enlightenment
 n - 3 potions of curing
 w - a potion of lignification {unknown}


   Skills:
 + Level 7.1 Fighting
 * Level 7.7 Long Blades
 * Level 9.5 Armour
 + Level 4.6 Dodging
 * Level 9.5 Shields
 + Level 5.0 Invocations
 + Level 4.0 Evocations


You had 10 spell levels left.
You didn't know any spells.
Your spell library contained the following spells:

 Spells                   Type           Power      Damage    Failure   Level
 Gell's Gravitas          Tloc           0%         N/A       100%        3
 Teleport Other           Tloc           0%         N/A       100%        3
 Petrify                  Tmut/Erth      0%         N/A       100%        4
 Irradiate                Conj/Tmut      0%         3d11      100%        5
 Dispersal                Tloc           0%         N/A       100%        6
 Sublimation of Blood     Necr           Unusable   N/A       N/A         2

Dungeon Overview and Level Annotations

Branches:
Dungeon (11/15)            Temple (1/1) D:5             Orc (0/2) D:9
   Lair: D:8-11

Altars:
Ashenzari
Cheibriados
Dithmenos
Elyvilon
Fedhas
Gozag
Hepliaklqana
Kikubaaqudgha
Makhleb
Nemelex Xobeh
Okawaru
Qazlal
Ru
Sif Muna
Trog
Uskayaw
Vehumet
Wu Jian
Xom
Yredelemnul
Zin
The Shining One

Shops:
D:1 *[[*   D:4 (   D:7 (   D:9 *   D:10 (

Annotations:
D:8 3 runed translucent doors, Runia's ghost, novice GnRe; croobank's ghost, novice DrMo
Temple 2 transporters


Innate Abilities, Weirdness & Mutations

You are immune to sickness and miasma.
Your stone body is resilient. (AC +8)
You are immune to poison.
You resist negative energy. (rN+)
You are resistant to electric shocks. (rElec)
You are resistant to unholy torment.
You are immune to petrification.


Message History

The vampire mosquito is lightly damaged.
The vampire mosquito bites you but does no damage. x2
You barely miss the vampire mosquito.
The vampire mosquito is lightly damaged.
The vampire mosquito bites you but does no damage.
You block the vampire mosquito's attack.
You barely miss the vampire mosquito.
The vampire mosquito is lightly damaged.
You block the vampire mosquito's attack. x2
You slash the vampire mosquito!
The vampire mosquito is moderately damaged.
The vampire mosquito closely misses you.
The vampire mosquito bites you.
* * * LOW HITPOINT WARNING * * *
You miss the vampire mosquito.
The vampire mosquito is moderately damaged.
The vampire mosquito barely misses you.
You block the vampire mosquito's attack.
You barely miss the vampire mosquito.
The vampire mosquito is moderately damaged.
You block the vampire mosquito's attack.
The vampire mosquito bites you but does no damage.
You slash the vampire mosquito!
The vampire mosquito is severely damaged.
The vampire mosquito closely misses you.
You block the vampire mosquito's attack.
You hit the vampire mosquito.
The vampire mosquito is severely damaged.
You block the vampire mosquito's attack.
The vampire mosquito bites you!
* * * LOW HITPOINT WARNING * * *
You hit the vampire mosquito.
The vampire mosquito is almost destroyed.
You block the vampire mosquito's attack.
The vampire mosquito bites you but does no damage.
You barely miss the vampire mosquito.
The vampire mosquito is almost destroyed.
The vampire mosquito bites you but does no damage.
The vampire mosquito bites you!
You die...

#####..........######[...........
#................[...........
#............................
#............................
#............................
#.[..........................
#............................
#............................
#...........@y...............
#............................
#.........................[..
#........<...................
#............................
#####.......................<....
.................................
######...........................
#....##################.....


You could see a vampire mosquito.

Vanquished Creatures
  Pikel (D:8)
  Psyche (D:9)
  A troll (D:10)
  2 slime creatures (D:6)
  Sigmund (D:2)
  6 yaks
  3 wraiths (D:10)
  5 steam dragons
  3 vampire mosquitoes
  An acid dragon (D:10)
  3 water moccasins
  7 orc warriors
  2 black bears
  2 ice beasts (D:5)
  4 sky beasts
  7 centaurs
  An ogre (D:5)
  4 phantoms
  2 lemures (D:8)
  5 bullfrogs
  5 kobold brigands
  A scorpion (D:5)
  4 wights
  3 troll zombies (D:9)
  3 killer bees (D:8)
  2 howler monkeys
  5 electric eels (D:7)
  A gnoll bouda (D:4)
  3 hounds
  4 jellies
  5 orc priests
  4 sleepcaps
  2 iguanas (D:6)
  7 orc wizards
  3 ogre zombies (D:9)
  A mummy (D:6)
  Robin (D:2)
  20 gnolls
  4 adders
  A shadow imp (D:7)
  A white imp (D:6)
  An ufetubus (D:7)
  A worm (D:3)
  4 dart slugs
  27 orcs
  7 ball pythons
  9 bats
  15 endoplasms
  4 giant cockroaches
  3 gnoll zombies (D:9)
  16 goblins
  12 hobgoblins
  3 jackals (D:2)
  3 quokkas
  3 frilled lizards
  7 gnoll skeletons (D:9)
  39 kobolds
  An orc skeleton (D:9)
  7 orc zombies (D:9)
  3 rats
306 creatures vanquished.

Notes
Turn   | Place    | Note
-------+----------+-------------------------------------------
     0 | D:1      | timneilson the Gargoyle Fighter began the quest for the
                  | Orb.
     0 | D:1      | Reached XP level 1. HP: 14/14 MP: 1/1
    27 | D:1      | Found Ufungi's General Store.
   133 | D:1      | Reached XP level 2. HP: 13/19 MP: 2/2
   559 | D:1      | Found Runil's Armour Boutique.
   646 | D:1      | Reached XP level 3. HP: 23/23 MP: 3/3
   678 | D:1      | Found Vufos's Armour Shop.
   937 | D:1      | Found a transporter.
   939 | D:1      | Found Kodatat's Assorted Antiques.
  1140 | D:1      | Found a transporter.
  1236 | D:2      | Noticed Sigmund
  1246 | D:2      | Killed Sigmund
  1247 | D:2      | Reached skill level 1 in Dodging
  1247 | D:2      | Reached XP level 4. HP: 23/29 MP: 4/4
  1247 | D:2      | Reached XP level 5. HP: 26/33 MP: 5/5
  1257 | D:2      | Noticed Robin
  1284 | D:2      | Killed Robin
  1383 | D:2      | Reached XP level 6. HP: 38/38 MP: 6/6
  3582 | D:4      | Reached skill level 5 in Armour
  3582 | D:4      | Reached skill level 5 in Shields
  3582 | D:4      | Reached XP level 7. HP: 43/43 MP: 7/7
  4048 | D:4      | Found Utochin's Antique Weapon Shoppe.
  4139 | D:5      | Entered Level 5 of the Dungeon
  4333 | D:5      | Found a staircase to the Ecumenical Temple.
  4376 | Temple   | Found a transporter.
  4376 | Temple   | Found a transporter.
  4376 | Temple   | Found a transporter.
  4376 | Temple   | Found a transporter.
  4376 | Temple   | Entered the Ecumenical Temple
  4392 | Temple   | Became a worshipper of Makhleb the Destroyer
  4462 | D:5      | Reached XP level 8. HP: 48/48 MP: 8/8
  4682 | D:5      | Reached skill level 1 in Invocations
  4906 | D:1      | Bought the +0 chain mail "Dauhaa" {rF+ rC+ Int-5 Slay+2}
                  | for 327 gold pieces
  5064 | D:6      | Reached skill level 5 in Fighting
  5302 | D:6      | Reached * piety under Makhleb
  5328 | D:6      | Noticed a slime creature
  5353 | D:6      | Killed a slime creature
  5354 | D:6      | Reached skill level 5 in Long Blades
  5354 | D:6      | Reached skill level 1 in Evocations
  5589 | D:6      | Reached XP level 9. HP: 54/54 MP: 10/10
  5678 | D:6      | Found a snail-covered altar of Cheibriados.
  6198 | D:6      | Found a basalt altar of Yredelemnul.
  6198 | D:6      | Found a shadowy altar of Dithmenos.
  6198 | D:6      | Found a hazy altar of Hepliaklqana.
  6198 | D:6      | Found a bloodstained altar of Trog.
  6198 | D:6      | Found a radiant altar of Vehumet.
  6198 | D:6      | Found a burning altar of Makhleb.
  6516 | D:7      | Reached ** piety under Makhleb
  6787 | D:7      | Reached XP level 10. HP: 52/60 MP: 12/12
  7317 | D:7      | Found Sokhlyess's Weapon Shop.
  7903 | D:8      | Noticed Pikel
  7934 | D:8      | Killed Pikel
  8012 | D:8      | Reached *** piety under Makhleb
  8166 | D:8      | Found a runed translucent gate.
  8167 | D:8      | Found a runed translucent gate.
  8168 | D:8      | Found a runed translucent gate.
  8170 | D:8      | Noticed croobank's ghost (novice DrMo)
  8170 | D:8      | Noticed Runia's ghost (novice GnRe)
  8622 | D:8      | Found a basalt altar of Yredelemnul.
  8626 | D:8      | Found a broken altar of Ashenzari.
  8627 | D:8      | Found a shimmering blue altar of Sif Muna.
  8627 | D:8      | Found a shadowy altar of Dithmenos.
  8704 | D:9      | Found Hotegiol's Demolitions Depot.
  8785 | D:9      | Noticed Psyche
  8798 | D:9      | Killed Psyche
  9276 | D:9      | Found a bloodstained altar of Trog.
  9333 | D:9      | Reached XP level 11. HP: 66/66 MP: 14/14
  9446 | D:9      | Found a staircase to the Orcish Mines.
  9509 | D:9      | Reached **** piety under Makhleb
 10088 | D:10     | Entered Level 10 of the Dungeon
 10202 | D:10     | Found a hide-covered altar of Uskayaw.
 10228 | D:10     | Found Luitet's Antique Weapon Shop.
 10654 | D:10     | Reached skill level 5 in Invocations
 10907 | D:10     | Slain by a vampire mosquito

Illustrated notes

Levels and vault maps discovered:
D:1:      heliophobic_arrival_enchanted_forest, layout_basic, serial_shops,
          nicolae_shop_tiny_statue_garden, shop, nicolae_shop_drivethru, shop,
          st_stairs_1
D:2:      layout_basic, uniq_sigmund, uniq_robin
D:3:      layout_loops_ring, ebering_dispersal_statue_hall,
          nicolae_twisty_statue_hallways
D:4:      layout_basic, serial_shops, nicolae_shop_overgrown_old_shop,
          kennysheep_generic_room_14
D:5:      layout_basic, minmay_temple_entry_drinking_statues
D:6:      cheibrodos_fertilizer, layout_loops_cross, chei_slow_surprise
D:7:      layout_loops_ring, serial_shops, nicolae_shop_crystal, serial_bayou,
          serial_bayou_pond_b, serial_bayou_shore_a, serial_bayou_pond_b,
          serial_bayou_lake_a, hellmonk_no_cap
D:8:      layout_basic, mainiacjoe_overflow_alcove_3, gammafunk_ghost_cemetery,
          hangedman_misty_isle, uniq_pikel
D:9:      layout_loops_corners, kennysheep_mini, zombieorc1_lemuel,
          nicolae_blasting_shop, uniq_psyche
D:10:     kennysheep_spiral_hall, layout_long_grid,
          eat_drink_and_be_merry_uskayaw, serial_shops, nicolae_shop_crystal
D:11:     minmay_the_grid_plus_closed [minmay_the_grid_tree,
          minmay_the_grid_dragon_a, minmay_the_grid_fan, minmay_the_grid_box_x,
          minmay_the_grid_prize_shrinking_boxes], layout_gridville,
          dk_vineyard_1
Temple:   hellmonk_temple_divided_pantheon

Skill      XL: |  1  2  3  4  5  6  7  8  9 10 11 |
---------------+----------------------------------+-----
Long Blades    | 2 3 4 5 6 7 |  7.7
Armour         | 4 5 6 7 9 |  9.5
Dodging        | 1 2 3 4 |  4.6
Shields        | 4 5 6 7 9 |  9.5
Fighting       | 4 5 6 7 |  7.1
Invocations    | 2 3 4 5 |  5.0
Evocations     | 1 2 3 4 |  4.0

Action                     |  1- 3 |  4- 6 |  7- 9 | 10-12 || total
---------------------------+-------+-------+-------+-------++-------
  Melee: Long sword        |   100 |   283 |    20 |       ||   403
         Scimitar          |       |       |   389 |   572 ||   961
         Unarmed           |       |       |     3 |       ||     3
    Use: Potion            |     1 |       |     7 |     2 ||    10
         Scroll            |       |     5 |     7 |     6 ||    18
 Armour: Scale mail        |    69 |   195 |    95 |       ||   359
         Chain mail        |       |       |   155 |   309 ||   464
         Skin              |       |       |     3 |       ||     3
  Dodge: Dodged            |    49 |   173 |   276 |   295 ||   793
  Block: Buckler           |    18 |    89 |   135 |   319 ||   561
         Reflection        |       |       |     7 |    11 ||    18

Table legend: (Time is in decaauts)
 A = Elapsed time spent in this place.
 B = Non-inter-level travel time spent in this place.
 C = Inter-level travel time spent in this place.
 D = Time resting spent in this place.
 E = Time spent auto-exploring this place.
 F = Levels seen in this place.
 G = Mean time per level.
                   A        B        C        D        E       F      G
               +--------+--------+--------+--------+--------+-----+--------+
         Total |  11241 |  10707 |    534 |    325 |   7165 |  12 |  936.8 |
       Dungeon |  11209 |  10679 |    530 |    325 |   7165 |  11 | 1019.0 |
        Temple |     31 |     27 |      4 |      0 |      0 |   1 |   31.0 |
               +--------+--------+--------+--------+--------+-----+--------+

Top non-repeatable levels by time:
     D:9: 1418 daAuts
     D:6: 1376 daAuts
     D:1: 1354 daAuts
     D:4: 1184 daAuts
     D:7: 1169 daAuts
     D:8: 1114 daAuts
     D:2: 1011 daAuts
     D:3: 913 daAuts
     D:5: 827 daAuts
    D:10: 779 daAuts
    D:11: 60 daAuts
  Temple: 31 daAuts
